AAA
NEWARK BEARS @ CHARLOTTE KNIGHTS
06/29/2052
 
TOP OF THE 1ST
Birmingham Barons batting - Pitching for Rochester Norsemen : RHP Nick Hudson
Pitching: RHP Nick Hudson
Batting: RHB Dave Uberti 0-0: Ball
1-0: Called Strike
1-1: Foul Ball, location: 2F
1-2: Strikes out swinging
Batting: RHB Calogero Penni 0-0: SINGLE (Flyball, 78S, EV 86.2 MPH)
Batting: LHB Eric Thomas 0-0: Swinging Strike
0-1: Swinging Strike
0-2: Strikes out swinging
Batting: RHB Valentin Cosgaia 0-0: Ball
1-0: Foul Ball, location: 2F
1-1: Ground out 4-3 (Groundball, 34, EV 91.2 MPH)
Top of the 1st over - 0 runs, 1 hit, 0 errors, 1 left on base; Birmingham 0 - Rochester 0
BOTTOM OF THE 1ST
Rochester Norsemen batting - Pitching for Birmingham Barons : RHP Ray Wooten
Pitching: RHP Ray Wooten
Batting: RHB Mark Rinehart 0-0: Swinging Strike
0-1: Ball
1-1: Ball
2-1: Ball
3-1: Called Strike
3-2: Strikes out swinging
Batting: RHB Sebastian Osterland 0-0: Ball
1-0: Ball
2-0: Ball
3-0: Base on Balls
Batting: RHB Martin Soto 0-0: Foul Ball, location: 2F
0-1: Ball
1-1: SINGLE (Flyball, 6MD, EV 85.6 MPH)
Sebastian Osterland to second
Batting: RHB Cayden Sullivan 0-0: Ball
1-0: Called Strike
1-1: Ball
2-1: Ball
3-1: Called Strike
3-2: Grounds into double play, 6-4-3 (Groundball, 6, EV 85.0 MPH)
Bottom of the 1st over - 0 runs, 1 hit, 0 errors, 1 left on base; Birmingham 0 - Rochester 0
TOP OF THE 2ND
Birmingham Barons batting - Pitching for Rochester Norsemen : RHP Nick Hudson
Batting: RHB Justin Smutny 0-0: Foul Ball, location: 2F
0-1: Ground out 1-3 (Groundball, 15S, EV 68.1 MPH)
Batting: RHB Sesc Lujan 0-0: Called Strike
0-1: Called Strike
0-2: Fly out, F8 (Flyball, 89M, EV 94.4 MPH)
Batting: RHB Melvin Schaffer 0-0: Called Strike
0-1: Ball
1-1: SINGLE (Groundball, 56D, EV 99.4 MPH)
Batting: RHB Rey Hesson 0-0: Ball
1-0: Called Strike
1-1: Called Strike
1-2: Fielders Choice at 2nd, U4 (Groundball, 4M, EV 109.4 MPH)
Top of the 2nd over - 0 runs, 1 hit, 0 errors, 1 left on base; Birmingham 0 - Rochester 0
BOTTOM OF THE 2ND
Rochester Norsemen batting - Pitching for Birmingham Barons : RHP Ray Wooten
Batting: RHB Mike Tickle 0-0: Foul Ball, location: 2F
0-1: Ground out 5-3 (Groundball, 5, EV 78.8 MPH)
Batting: RHB Brandon Blackwell 0-0: Ball
1-0: Swinging Strike
1-1: Ball
2-1: Ball
3-1: SINGLE (Flyball, 7LS, EV 86.9 MPH)
Batting: RHB Vic Brickell 0-0: Ball
1-0: SINGLE (Groundball, 4MD, EV 109.4 MPH)
Brandon Blackwell to second
Batting: RHB Carlos Escobar 0-0: Ball
1-0: Fielders Choice at 2nd, 4-6 (Groundball, 4, EV 86.9 MPH)
Brandon Blackwell to third
Batting: RHB Eric Owens 0-0: Ball
1-0: Ball
2-0: Fly out, F7 (Flyball, 7, EV 90.6 MPH)
Bottom of the 2nd over - 0 runs, 2 hits, 0 errors, 2 left on base; Birmingham 0 - Rochester 0
TOP OF THE 3RD
Birmingham Barons batting - Pitching for Rochester Norsemen : RHP Nick Hudson
Batting: RHB Dave King 0-0: Ball
1-0: Called Strike
1-1: Foul Ball, location: 2F
1-2: Foul Ball, location: 2F
1-2: Ball
2-2: Foul Ball, location: 2F
2-2: Foul Ball, location: 2F
2-2: Foul Ball, location: 2F
2-2: SINGLE (Groundball, 4MD, EV 108.8 MPH)
Batting: RHB Dave Uberti 0-0: Ball
1-0: Called Strike
1-1: Ball
2-1: Fly out, F8 (Flyball, 8RXD, EV 105.6 MPH)
Batting: RHB Calogero Penni 0-0: Ball
1-0: DOUBLE (Groundball, 5L, EV 105.0 MPH)
Dave King to third
Batting: LHB Eric Thomas 0-0: Ball
1-0: Foul Ball, location: 2F
1-1: Called Strike
1-2: Ball
2-2: DOUBLE (Flyball, 9LD, EV 109.4 MPH)
Dave King scores
Calogero Penni scores
Batting: RHB Valentin Cosgaia 0-0: Ball
1-0: Ball
2-0: SINGLE (Flyball, 9LS, EV 98.8 MPH)
Eric Thomas to third
Batting: RHB Justin Smutny 0-0: Ball
1-0: Fly out, F9 (Line Drive, 9, EV 91.2 MPH)
Runner from 3rd tags up, SCORES, throw by RF
Batting: RHB Sesc Lujan 0-0: Ball
1-0: Ball
2-0: Foul Ball, location: 2F
2-1: Fly out, F9 (Flyball, 89M, EV 90.6 MPH)
Top of the 3rd over - 3 runs, 4 hits, 0 errors, 1 left on base; Birmingham 3 - Rochester 0
BOTTOM OF THE 3RD
Rochester Norsemen batting - Pitching for Birmingham Barons : RHP Ray Wooten
Batting: RHB Mark Rinehart 0-0: Called Strike
0-1: Ground out 6-3 (Groundball, 6, EV 85.6 MPH)
Batting: RHB Sebastian Osterland 0-0: Called Strike
0-1: Swinging Strike
0-2: Ball
1-2: Foul Ball, location: 2F
1-2: Ball
2-2: Strikes out looking
Batting: RHB Martin Soto 0-0: Ball
1-0: Ball
2-0: Ball
3-0: Called Strike
3-1: Fly out, F6 (Flyball, 56D, EV 96.2 MPH)
Bottom of the 3rd over - 0 runs, 0 hits, 0 errors, 0 left on base; Birmingham 3 - Rochester 0
TOP OF THE 4TH
Birmingham Barons batting - Pitching for Rochester Norsemen : RHP Nick Hudson
Batting: RHB Melvin Schaffer 0-0: Ball
1-0: Foul Ball, location: 2F
1-1: Swinging Strike
1-2: Reaches on Catchers interference
Batting: RHB Rey Hesson 0-0: Called Strike
0-1: Foul Ball, location: 2F
0-2: Foul Ball, location: 2F
0-2: SINGLE (Groundball, 25, EV 67.5 MPH) (infield hit)
Melvin Schaffer to second
Batting: RHB Dave King 0-0: Called Strike
0-1: Called Strike
0-2: Ball
1-2: Ball
2-2: Grounds into double play, 4-6-3 (Groundball, 4, EV 83.1 MPH)
Melvin Schaffer to third
Batting: RHB Dave Uberti 0-0: Ground out U3 (Groundball, 34S, EV 80.6 MPH)
Top of the 4th over - 0 runs, 1 hit, 1 error, 1 left on base; Birmingham 3 - Rochester 0
BOTTOM OF THE 4TH
Rochester Norsemen batting - Pitching for Birmingham Barons : RHP Ray Wooten
Batting: RHB Cayden Sullivan 0-0: Ball
1-0: Foul Ball, location: 2F
1-1: Ball
2-1: Fly out, F9 (Flyball, 89M, EV 96.2 MPH)
Batting: RHB Mike Tickle 0-0: Ball
1-0: Foul Ball, location: 2F
1-1: Swinging Strike
1-2: Ball
2-2: Strikes out swinging
Batting: RHB Brandon Blackwell 0-0: Called Strike
0-1: Called Strike
0-2: Ball
1-2: Ball
2-2: Strikes out looking
Bottom of the 4th over - 0 runs, 0 hits, 0 errors, 0 left on base; Birmingham 3 - Rochester 0
TOP OF THE 5TH
Birmingham Barons batting - Pitching for Rochester Norsemen : RHP Nick Hudson
Batting: RHB Calogero Penni 0-0: Ball
1-0: Fly out, F8 (Line Drive, 8LD, EV 103.1 MPH)
Batting: LHB Eric Thomas 0-0: Ball
1-0: Ball
2-0: Ball
3-0: Called Strike
3-1: Base on Balls
Batting: RHB Valentin Cosgaia 0-0: Foul Ball, location: 2F
0-1: Swinging Strike
0-2: Fly out, F7 (Flyball, 7LD, EV 98.8 MPH)
Batting: RHB Justin Smutny 0-0: Foul Ball, location: 2F
0-1: Ball
1-1: Ball
2-1: Swinging Strike
2-2: Ball
3-2: Strikes out swinging
Top of the 5th over - 0 runs, 0 hits, 0 errors, 1 left on base; Birmingham 3 - Rochester 0
BOTTOM OF THE 5TH
Rochester Norsemen batting - Pitching for Birmingham Barons : RHP Ray Wooten
Batting: RHB Vic Brickell 0-0: Swinging Strike
0-1: Reached on error, E1 (Groundball, 13S, EV 70.6 MPH)
Batting: RHB Carlos Escobar 0-0: Ball
1-0: Ball
2-0: Called Strike
2-1: Swinging Strike
2-2: Strikes out swinging
Batting: RHB Eric Owens 0-0: Called Strike
0-1: Swinging Strike
0-2: Ball
1-2: Strikes out swinging
Batting: RHB Mark Rinehart 0-0: Ball
1-0: Ball
2-0: Called Strike
2-1: Foul Ball, location: 2F
2-2: Foul Ball, location: 2F
2-2: DOUBLE (Line Drive, 89D, EV 109.4 MPH)
Vic Brickell scores
Batting: RHB Sebastian Osterland 0-0: Ball
1-0: Foul Ball, location: 2F
1-1: Swinging Strike
1-2: Ball
2-2: Ball
3-2: Foul Ball, location: 2F
3-2: Fly out, F9 (Flyball, 89XD, EV 85.0 MPH)
Bottom of the 5th over - 1 run, 1 hit, 1 error, 1 left on base; Birmingham 3 - Rochester 1
TOP OF THE 6TH
Birmingham Barons batting - Pitching for Rochester Norsemen : RHP Nick Hudson
Batting: RHB Sesc Lujan 0-0: Foul Ball, location: 2F
0-1: Ball
1-1: Fly out, F9 (Flyball, 9LM, EV 91.2 MPH)
Batting: RHB Melvin Schaffer 0-0: Called Strike
0-1: Called Strike
0-2: Strikes out swinging
Batting: RHB Rey Hesson 0-0: Ground out 6-3 (Groundball, 6MS, EV 88.1 MPH)
Top of the 6th over - 0 runs, 0 hits, 0 errors, 0 left on base; Birmingham 3 - Rochester 1
BOTTOM OF THE 6TH
Rochester Norsemen batting - Pitching for Birmingham Barons : RHP Ray Wooten
Batting: RHB Martin Soto 0-0: Ball
1-0: Ball
2-0: Called Strike
2-1: Foul Ball, location: 2F
2-2: Foul Ball, location: 2F
2-2: Foul Ball, location: 2F
2-2: DOUBLE (Line Drive, 89XD, EV 97.5 MPH)
Batting: RHB Cayden Sullivan 0-0: Ball
1-0: Swinging Strike
1-1: Swinging Strike
1-2: Ball
2-2: Foul Ball, location: 2F
2-2: Strikes out swinging
Batting: RHB Mike Tickle 0-0: Swinging Strike
0-1: Ball
1-1: Called Strike
1-2: Strikes out swinging
Pitching: RHP Kenny Rinderle
Batting: RHB Brandon Blackwell 0-0: Ball
1-0: Ball
2-0: Called Strike
2-1: Swinging Strike
2-2: Foul Ball, location: 2F
2-2: Strikes out swinging
Bottom of the 6th over - 0 runs, 1 hit, 0 errors, 1 left on base; Birmingham 3 - Rochester 1
TOP OF THE 7TH
Birmingham Barons batting - Pitching for Rochester Norsemen : RHP Nick Hudson
Pitching: RHP Len Walz
Batting: RHB Dave King 0-0: Foul Ball, location: 2F
0-1: Ground out 5-3 (Groundball, 56, EV 82.5 MPH)
Batting: RHB Dave Uberti 0-0: Foul Ball, location: 2F
0-1: Called Strike
0-2: Strikes out swinging
Batting: RHB Calogero Penni 0-0: Ball
1-0: Fly out, F8 (Flyball, 78D, EV 89.4 MPH)
Top of the 7th over - 0 runs, 0 hits, 0 errors, 0 left on base; Birmingham 3 - Rochester 1
BOTTOM OF THE 7TH
Rochester Norsemen batting - Pitching for Birmingham Barons : RHP Kenny Rinderle
Batting: RHB Vic Brickell 0-0: Called Strike
0-1: Called Strike
0-2: Strikes out swinging
Batting: RHB Carlos Escobar 0-0: Ball
1-0: Ball
2-0: Fly out, F9 (Line Drive, 9, EV 94.4 MPH)
Batting: RHB Eric Owens 0-0: Ground out 4-3 (Groundball, 4M, EV 101.9 MPH)
Bottom of the 7th over - 0 runs, 0 hits, 0 errors, 0 left on base; Birmingham 3 - Rochester 1
TOP OF THE 8TH
Birmingham Barons batting - Pitching for Rochester Norsemen : RHP Len Walz
Batting: LHB Eric Thomas 0-0: Foul Ball, location: 2F
0-1: Foul Ball, location: 2F
0-2: Strikes out swinging
Batting: RHB Valentin Cosgaia 0-0: Swinging Strike
0-1: Called Strike
0-2: Fly out, F3 (Line Drive, 3, EV 75.0 MPH)
Batting: RHB Justin Smutny 0-0: Called Strike
0-1: Foul Ball, location: 2F
0-2: Ball
1-2: Strikes out looking
Top of the 8th over - 0 runs, 0 hits, 0 errors, 0 left on base; Birmingham 3 - Rochester 1
BOTTOM OF THE 8TH
Rochester Norsemen batting - Pitching for Birmingham Barons : RHP Kenny Rinderle
Now at 3B: Tyler Merrill
Batting: RHB Mark Rinehart 0-0: Ball
1-0: Ground out 1-3 (Groundball, 23, EV 70.0 MPH)
Pinch Hitting: LHB Isaac Powley 0-0: Called Strike
0-1: Foul Ball, location: 2F
0-2: Foul Ball, location: 2F
0-2: Foul Ball, location: 2F
0-2: Ball
1-2: Foul Ball, location: 2F
1-2: Strikes out swinging
Batting: RHB Martin Soto 0-0: Ball
1-0: Called Strike
1-1: Ball
2-1: SINGLE (Line Drive, 9S, EV 93.8 MPH)
Pitching: RHP Chris Lamb
Batting: RHB Cayden Sullivan 0-0: Ball
1-0: Called Strike
1-1: SINGLE (Line Drive, 4MD, EV 107.5 MPH)
Martin Soto to second
Batting: RHB Mike Tickle 0-0: Called Strike
0-1: Hit by Pitch
Martin Soto to third
Cayden Sullivan to second
Batting: RHB Brandon Blackwell 0-0: Ball
1-0: Ball
2-0: Called Strike
2-1: Foul Ball, location: 2F
2-2: Foul Ball, location: 2F
2-2: Foul Ball, location: 2F
2-2: Fielders Choice at 2nd, 6-4 (Groundball, 6, EV 90.0 MPH)
Bottom of the 8th over - 0 runs, 2 hits, 0 errors, 3 left on base; Birmingham 3 - Rochester 1
TOP OF THE 9TH
Birmingham Barons batting - Pitching for Rochester Norsemen : RHP Len Walz
Now in LF: Isaac Powley
Pinch Hitting: LHB Cesar Salas 0-0: Swinging Strike
0-1: SINGLE (Flyball, 56D, EV 86.9 MPH)
Batting: RHB Melvin Schaffer 0-0: Ball
1-0: Bunt missed!
1-1: Ball
2-1: Bunt missed!
2-2: Fly out, F9 (Flyball, 9D, EV 93.8 MPH)
Batting: RHB Rey Hesson 0-0: Ball
1-0: Called Strike
1-1: Ball
2-1: Called Strike
2-2: Fly out, F6 (Popup, 6, EV 57.5 MPH)
Batting: RHB Dave King 0-0: Ball
1-0: Ball
Cesar Salas steals 2nd base
2-0: Called Strike
2-1: Swinging Strike
2-2: Ball
3-2: Foul Ball, location: 2F
3-2: Foul Ball, location: 2F
3-2: Foul Ball, location: 2F
3-2: Strikes out swinging
Top of the 9th over - 0 runs, 1 hit, 0 errors, 1 left on base; Birmingham 3 - Rochester 1
BOTTOM OF THE 9TH
Rochester Norsemen batting - Pitching for Birmingham Barons : RHP Chris Lamb
Pitching: LHP Jesus Mendoza
Now in LF: Cesar Salas
Batting: RHB Vic Brickell 0-0: Called Strike
0-1: Fly out, F6 (Flyball, 6D, EV 84.4 MPH)
Batting: RHB Carlos Escobar 0-0: Ball
1-0: Fly out, F6 (Line Drive, 6, EV 70.0 MPH)
Batting: RHB Eric Owens 0-0: Called Strike
0-1: Ball
1-1: Ball
2-1: Fly out, F3 (Popup, 3S, EV 68.1 MPH)
Bottom of the 9th over - 0 runs, 0 hits, 0 errors, 0 left on base; Birmingham 3 - Rochester 1
Friday, April 26th , 2024 - OOTP Baseball 24.11 Build 85